 Dungeon Crawl Stone Soup version 0.29-a0-414-g5075937ec3 (webtiles) character file.

Game seed: 11562008655570234778

33 Zdeegee the Digger (level 3, 0/32 HPs)
             Began as a Troll Earth Elementalist on May 16, 2022.
             Slain by an adder (3 damage)
             ... on level 2 of the Dungeon.
             The game lasted 00:02:40 (1214 turns).

Zdeegee the Digger (Troll Earth Elementalist)       Turns: 1214, Time: 00:02:40

Health: 0/32       AC:  4    Str: 16    XL:     3   Next: 12%
Magic:  3/4        EV:  9    Int: 13    God:
Gold:   33         SH:  0    Dex: 10    Spells: 0/4 levels left

rFire   + . .      SeeInvis .   f - +0 short sword
rCold   . . .      Faith    .   (no shield)
rNeg    . . .      Spirit   .   b - +0 robe
rPois   .          Reflect  .   (helmet restricted)
rElec   .          Harm     .   (no cloak)
rCorr   .          Rampage  .   (gloves unavailable)
Will    .....                   (boots unavailable)
Stlth   +.........              k - amulet of the acrobat
HPRegen 0.90/turn               j - ring of protection from fire
MPRegen 0.09/turn               (no ring)

@: brilliant, lethally poisoned (0 -> -1)
A: large, unfitting armour, claws 3, regeneration 1, shaggy fur 1, tough skin 1
a: no special abilities


You were on level 2 of the Dungeon.
You visited 1 branch of the dungeon, and saw 2 of its levels.

You collected 33 gold pieces.

Inventory:

Hand Weapons
 f - a +0 short sword (weapon)
Missiles
 a - 46 stones
Armour
 b - a +0 robe (worn)
Magical Staves
 n - a staff of fire
 p - a staff of conjuration
Jewellery
 j - a ring of protection from fire (left claw)
 k - an amulet of the acrobat (around neck)
Scrolls
 d - a scroll of teleportation {unknown}
 e - a scroll of torment {unknown}
 g - a scroll of identify {unknown}
 i - 2 scrolls of immolation {unknown}
 m - a scroll of fog {unknown}
 q - a scroll of noise {unknown}
Potions
 c - 2 potions of magic
 l - a potion of flight {unknown}
 o - a potion of attraction {unknown}


   Skills:
 * Level 0.5 Fighting
 * Level 1.7 Dodging
 + Level 1.0 Stealth
 + Level 0.5 Unarmed Combat
 * Level 1.4 Spellcasting
 * Level 0.1 Conjurations
 * Level 0.6 Necromancy
 + Level 0.6 Transmutations
 * Level 3.1 Earth Magic


You couldn't memorise any spells.
You knew the following spells:

 Your Spells              Type           Power      Damage    Failure   Level
a - Sandblast             Erth           26%        2d8       8%          1
b - Stone Arrow           Conj/Erth      14%        3d7       38%         3

Your spell library contained the following spells:

 Spells                   Type           Power      Damage    Failure   Level
 Passwall                 Tmut/Erth      6%         N/A       19%         2
 Petrify                  Tmut/Erth      8%         N/A       77%         4


Dungeon Overview and Level Annotations

Branches:
Dungeon (2/15)

Altars:


Innate Abilities, Weirdness & Mutations

You are too large for most types of armour.
You have claws for hands.
Your natural rate of healing is unusually fast.
You are covered in fur. (AC +1)
You have tough skin. (AC +1)


Message History

You are too injured to fight recklessly!
You are too injured to fight recklessly!
You are too injured to fight recklessly!
The hobgoblin attacks as you move away!
The hobgoblin hits you but does no damage.
You feel sick.
You miss the adder.
The adder is severely wounded.
You feel sick.
You are no longer poisoned.
The adder bites you. x2
You closely miss the adder.
The adder is severely wounded.
The adder bites you.
You barely miss the adder.
The adder is severely wounded.
The adder closely misses you.
You barely miss the adder.
The adder is severely wounded.
The adder bites you. x2
You closely miss the adder.
The adder is severely wounded.
The adder bites you.
* * * LOW HITPOINT WARNING * * *
You are poisoned.
The adder poisons you!
You hit the adder but do no damage.
The adder is severely wounded.
You feel sick. The adder bites you.
* * * LOW HITPOINT WARNING * * *
You are more poisoned.
The adder poisons you!
The endoplasm jiggles.
The adder bites you.
* * * LOW HITPOINT WARNING * * *
Unknown command.
It was a potion of brilliance.
You feel clever all of a sudden.
You feel sick. The adder bites you.
You die...

#.......# . #.......# .#
####### .......# ..
#...... #<....#.##.
#.<..#. #..#......
#..#.#. #......g.
#..#... #.^...gJ#
#..###. ##S## #..###.
#.@.# ###...... #...#
#......## #...#
#........
#####...#######...<#.#.
#....†.................
.............†..........
##......................
#####...#######........
#...# #.#......


You could see an adder, an endoplasm and 2 hobgoblins.

Vanquished Creatures
  A dart slug (D:2)
  4 endoplasms (D:1)
  2 giant cockroaches (D:1)
  2 hobgoblins (D:1)
  A quokka (D:1)
  5 ball pythons
  4 bats
  3 frilled lizards
  2 kobolds (D:1)
  7 rats (D:1)
31 creatures vanquished.

Notes
Turn   | Place    | Note
-------+----------+-------------------------------------------
     0 | D:1      | Zdeegee the Troll Earth Elementalist began the quest for
                  | the Orb.
     0 | D:1      | Reached XP level 1. HP: 16/16 MP: 1/1
   323 | D:1      | Reached skill level 3 in Earth Magic
   323 | D:1      | Reached XP level 2. HP: 24/24 MP: 2/2
   773 | D:1      | Found a faded altar of an unknown god.
  1048 | D:2      | Reached XP level 3. HP: 32/32 MP: 1/4
  1052 | D:2      | Learned a level 3 spell: Stone Arrow
  1214 | D:2      | Slain by an adder

Illustrated notes

Levels and vault maps discovered:
D:1:      amcnicky_arrival_choice, layout_loops_corners,
          ebering_ecumenical_altar_box
D:2:      layout_loops_cross, lexackson_kobold_supper

Skill      XL: |  1 |
---------------+----+-----
Earth Magic    | 3 |  3.1
Fighting       | |  0.5
Dodging        | |  1.7
Stealth        | |  1.0
Unarmed Combat | |  0.5
Spellcasting   | |  1.4
Conjurations   | |  0.1
Necromancy     | |  0.6
Transmutations | |  0.6

Action                   || total
-------------------------++-------
Melee: Unarmed           ||    17
       Short sword       ||    45
 Cast: Sandblast         ||    21
  Use: Potion            ||     1
 Stab: Sleeping          ||     2
Armor: Robe              ||    15
Dodge: Dodged            ||    41

Table legend: (Time is in decaauts)
 A = Elapsed time spent in this place.
 B = Non-inter-level travel time spent in this place.
 C = Inter-level travel time spent in this place.
 D = Time resting spent in this place.
 E = Time spent auto-exploring this place.
 F = Levels seen in this place.
 G = Mean time per level.
                   A        B        C        D        E       F      G
               +--------+--------+--------+--------+--------+-----+--------+
         Total |   1217 |   1203 |     14 |      0 |    973 |   2 |  608.5 |
       Dungeon |   1217 |   1203 |     14 |      0 |    973 |   2 |  608.5 |
               +--------+--------+--------+--------+--------+-----+--------+

Top non-repeatable levels by time:
     D:1: 998 daAuts
     D:2: 218 daAuts
